 Dungeon Crawl Stone Soup version 0.23.2-40-g277498a001 (webtiles) character file.

Game seed: 18308493630466421184

119 Demagog the Cudgeler (level 5, -1/33 HPs)
             Began as a Gargoyle Berserker on Sept 16, 2019.
             Was a Believer of Trog.
             Slain by a gnoll
             ... wielding a cursed -1 spear
              (7 damage)
             ... on level 3 of the Dungeon.
             The game lasted 00:12:03 (3025 turns).

Demagog the Cudgeler (Gargoyle Berserker)           Turns: 3025, Time: 00:12:03

Health: -1/33      AC:  9    Str: 20    XL:     5   Next: 3%
Magic:  5/5        EV: 10    Int: 13    God:    Trog [**....]
Gold:   131        SH:  3    Dex: 10    Spells: 4/4 levels left

rFire    . . .     SeeInvis .   e - +0 whip
rCold    . . .     Gourm    .   x - +0 buckler
rNeg     + . .     Faith    .   t - +0 ring mail
rPois    ∞         Spirit   .   (no helmet)
rElec    +         Reflect  .   (no cloak)
rCorr    .         Harm     .   (no gloves)
MR       .....                  (no boots)
Stlth    ..........             (no amulet)
HPRegen  0.11/turn              (no ring)
MPRegen  0.09/turn              (no ring)

@: brilliant, flying
A: negative energy resistance 1, electricity resistance, unbreathing,
petrification resistance, rot immunity, AC +4
a: Berserk, Trog's Hand, Renounce Religion


You were on level 3 of the Dungeon.
You worshipped Trog.
Trog was pleased with you.
You were not hungry.

You visited 1 branch of the dungeon, and saw 3 of its levels.

You collected 131 gold pieces.

Inventory:

Hand Weapons
 a - a +0 mace
 e - a +0 whip (weapon)
 k - a +2 short sword of draining
 A - a +4 quarterstaff of chaos
 C - a +0 mace
 F - a +0 blowgun
Missiles
 j - 40 stones (quivered)
 l - 19 sling bullets
 p - 16 bolts
 E - 18 poisoned needles
Armour
 b - a +0 animal skin
 d - a +1 helmet of intelligence
 t - a +0 ring mail (worn)
 x - a +0 buckler (worn)
 B - a +2 cloak of magic resistance
Jewellery
 f - an uncursed ring of ice {unknown}
 r - a cursed -3 ring of dexterity {unknown}
 s - an uncursed ring of positive energy {unknown}
 w - a +6 ring of intelligence {unknown}
Wands
 y - a wand of random effects (25)
Scrolls
 g - 2 scrolls of blinking {unknown}
 h - a scroll of identify {unknown}
 i - 3 scrolls of enchant armour {unknown}
 m - 4 scrolls of teleportation {unknown}
 o - a scroll of fear {unknown}
 q - a scroll of remove curse {unknown}
 u - a scroll of magic mapping {unknown}
Potions
 v - a potion of heal wounds {unknown}
 z - a potion of curing {unknown}
 D - a potion of mutation {unknown}
Comestibles
 c - 2 rations


   Skills:
 + Level 3.8 Fighting
 * Level 4.0 Maces & Flails
 * Level 3.6 Armour
 + Level 2.2 Dodging


You had 4 spell levels left.
You didn't know any spells.
Your spell library contained the following spells:

 Spells                   Type           Power        Failure   Level  Hunger
 Confusing Touch          Hex            #.....       10%         1    ##.....
 Confuse                  Hex            #.......     26%         3    ####...
 Gell's Gravitas          Tloc           #.........   26%         3    ####...
 Petrify                  Tmut/Erth      #.......     58%         4    #####..
 Metabolic Englaciation   Hex/Ice        #.........   86%         5    ######.
 Yara's Violent Unravell  Hex/Tmut       #.........   86%         5    ######.


Dungeon Overview and Level Annotations

Branches:
Dungeon (3/15)

Altars:
Cheibriados
Hepliaklqana
Ru
Vehumet
Wu Jian
The Shining One

Annotations:
D:3 Natasha


Innate Abilities, Weirdness & Mutations

You are resistant to torment.
Your stone body is resilient. (AC +4)
You are immune to poison.
You resist negative energy. (rN+)
You are resistant to electric shocks. (rElec)
You can survive without breathing.
You are immune to petrification.
You are immune to rotting.


Message History

The gnoll hits you from afar with a cursed -1 spear.
Unknown command.
Found a stone staircase leading down.
The crimson imp blinks!
The gnoll hits you but does no damage.
You hit the gnoll.
The gnoll is heavily wounded.
The gnoll hits you but does no damage.
You barely miss the gnoll.
The gnoll is heavily wounded.
The gnoll hits you with a cursed -1 spear.
* * * LOW HITPOINT WARNING * * *
The gnoll hits you but does no damage.
It was a potion of brilliance.
You feel clever all of a sudden. The gnoll barely misses you.
It was a potion of flight.
You feel very buoyant.
You fly up into the air.
The gnoll hits you from afar with a cursed -1 spear!
You die...

#+###### .......#
.......#######
............5###########
...........gggg.@......>
...[...#####h###...#####
.).....# #.# #.$.#
.......# #.# #...#
.......### #.# #...#
###......# #.# ###.#
#.####)# #.. .# #.# #.#
### ## #.# #†#


You could see Natasha, 4 gnolls and a white imp.

Vanquished Creatures
  Crazy Yiuf (D:2)
  Jessica (D:3)
  An adder (D:3)
  A worm (D:2)
  A dart slug (D:1)
  3 leopard geckos
  2 giant cockroaches (D:2)
  3 goblins
  12 hobgoblins
  3 quokkas
  A ball python (D:3)
  5 bats
  6 kobolds
  3 rats
43 creatures vanquished.

Notes
Turn   | Place    | Note
-------+----------+-------------------------------------------
     0 | D:1      | Demagog the Gargoyle Berserker began the quest for the Orb.
     0 | D:1      | Reached XP level 1. HP: 14/14 MP: 1/1
   384 | D:1      | Reached XP level 2. HP: 3/19 MP: 2/2
  1223 | D:2      | Reached XP level 3. HP: 23/23 MP: 3/3
  1871 | D:2      | Found a runed translucent door.
  1872 | D:2      | Noticed Crazy Yiuf
  2080 | D:2      | Found a sacrificial altar of Ru.
  2088 | D:2      | Found a snail-covered altar of Cheibriados.
  2088 | D:2      | Found a hazy altar of Hepliaklqana.
  2088 | D:2      | Found a radiant altar of Vehumet.
  2089 | D:2      | Found an ornate altar of the Wu Jian Council.
  2097 | D:2      | Found a glowing golden altar of the Shining One.
  2440 | D:2      | Killed Crazy Yiuf
  2440 | D:2      | Reached XP level 4. HP: 24/29 MP: 4/4
  2740 | D:3      | Noticed Jessica
  2775 | D:3      | Killed Jessica
  2940 | D:3      | Reached skill level 4 in Maces & Flails
  2949 | D:3      | Found a faded altar of an unknown god.
  2965 | D:3      | Reached XP level 5. HP: 24/33 MP: 5/5
  2976 | D:3      | Noticed Natasha
  3011 | D:3      | Reached ** piety under Trog
  3025 | D:3      | Slain by a gnoll

Skill      XL: |  1  2  3  4 |
---------------+-------------+-----
Armour         | 3 |  3.6
Dodging        | 2 |  2.2
Maces & Flails | 4 |  4.0
Fighting       | |  3.8

Action                   |  1- 3 |  4- 6 || total
-------------------------+-------+-------++-------
Melee: Whip              |    95 |    46 ||   141
       Mace              |     6 |    17 ||    23
       Short sword       |     1 |       ||     1
 Fire: Blowgun           |       |     3 ||     3
Throw: Stone             |     3 |     1 ||     4
Invok: Berserk           |     2 |     1 ||     3
  Use: Potion            |       |     2 ||     2
  Eat: Chunk             |     5 |     1 ||     6
       Ration            |     1 |       ||     1
Armor: Animal skin       |    17 |       ||    17
       Ring mail         |    11 |    41 ||    52
Dodge: Dodged            |    67 |    60 ||   127
Block: Buckler           |     1 |     6 ||     7
